 Dungeon Crawl Stone Soup version 0.21-a0-135-g8dc100c (webtiles) character file.

312166 swampboy the Impregnable (level 21, -1/136 HPs)
             Began as a Gargoyle Fighter on July 17, 2017.
             Was the Champion of Okawaru.
             Shot with an arrow by a deep elf master archer (19 damage)
             ... on level 3 of the Elven Halls.
             The game lasted 01:55:15 (39026 turns).

swampboy the Impregnable (Gargoyle Fighter)        Turns: 39026, Time: 01:55:16

Health: -1/136     AC: 47    Str: 34    XL:     21   Next: 30%
Magic:  21/21      EV: 14    Int: 11    God:    Okawaru [******]
Gold:   3555       SH:  3    Dex: 14    Spells: 18/20 levels left

rFire    . . .     SeeInvis +   o - +6 morningstar of Duty {flame, rElec rF- MR+++ SInv}
rCold    . . .     Gourm    .   (no shield)
rNeg     + . .     Faith    .   n - +2 plate armour {MR+}
rPois    ∞         Spirit   .   E - +0 helmet
rElec    +         Reflect  +   V - scarf {cloud immunity}
rCorr    .         Harm     .   K - +0 pair of gloves {Str+3}
MR       +++++                  h - +2 pair of boots {Stlth+}
Stlth    ..........             P - amulet of Beol {Reflect rElec SH+3}
HPRegen  0.72/turn              l - +2 ring of protection
MPRegen  0.17/turn              T - +3 ring of intelligence

@: agile, hasted, very quick
A: big wings, fire resistance 1, negative energy resistance 1, regeneration 1,
electricity resistance, unbreathing, petrification resistance, rot immunity, AC
+15
}: 2/15 runes: barnacled, gossamer
a: Fly, Heroism, Finesse, Renounce Religion


You were on level 3 of the Elven Halls.
You worshipped Okawaru.
Okawaru was exalted by your worship.
You were not hungry.

You visited 6 branches of the dungeon, and saw 34 of its levels.
You also visited: Bailey.

You collected 3555 gold pieces.

Inventory:

Hand Weapons
 b - the +8 whip "Snakebite" {curare, rPois}
   (Okawaru gifted it to you on level 4 of the Shoals)

   It poisons the flesh of those it strikes.
   It protects you from poison.
 o - the +6 morningstar of Duty (weapon) {flame, rElec rF- MR+++ SInv}
   (Okawaru gifted it to you on level 1 of the Orcish Mines)

   It has been specially enchanted to burn those struck by it, causing extra
   injury to most foes and up to half again as much damage against particularly
   susceptible opponents.
   It makes you vulnerable to fire.
   It insulates you from electricity.
   It affects your resistance to hostile enchantments.
   It lets you see invisible.
 H - a +0 eveningstar of holy wrath
Armour
 c - a +0 shield
 e - the scarf "Isinawki" {rC- Str+6}
   (Okawaru gifted it to you on level 1 of the Elven Halls)

   It affects your strength (+6).
   It makes you vulnerable to cold.
 h - a +2 pair of boots of stealth (worn)
 n - a +2 plate armour of magic resistance (worn)
 p - a +4 plate armour of cold resistance
 E - a +0 helmet (worn)
 K - a +0 pair of gloves of strength (worn)
 L - a scarf of repulsion
 V - a scarf of cloud immunity (worn)
Jewellery
 l - a +2 ring of protection (left hand)
 M - an uncursed amulet of regeneration
 P - the amulet of Beol (around neck) {Reflect rElec SH+3}
   (You found it on level 5 of the Lair of Beasts)

   [amulet of reflection]

   It shields you and reflects attacks.
   It insulates you from electricity.
   It affects your SH (+3).
 T - a +3 ring of intelligence (right hand)
 U - a +5 ring of strength {unknown}
Wands
 q - a wand of clouds (3/9)
 t - a wand of lightning (12/15)
 y - a wand of polymorph (13/24)
 O - a wand of disintegration (8/24)
 Q - a wand of paralysis (11/24)
 R - a wand of lightning (8/15)
 S - a wand of confusion (25/48)
Scrolls
 d - 8 scrolls of blinking
 f - 14 scrolls of remove curse {@r2}
 j - 3 scrolls of amnesia
 k - a scroll of silence
 r - 7 scrolls of enchant weapon
 s - 5 scrolls of recharging
 v - 4 scrolls of fog
 B - a scroll of summoning
 N - 2 scrolls of acquirement
 W - 3 scrolls of holy word
 Y - a scroll of identify {@r1}
 Z - 3 scrolls of teleportation
Potions
 a - a potion of invisibility
 m - a potion of resistance
 u - 3 potions of haste
 A - 2 potions of cancellation
 C - a potion of agility
 D - 8 potions of lignification
 F - 3 potions of magic
 G - 3 potions of brilliance
 I - a potion of ambrosia
Comestibles
 g - 19 royal jellies
 x - 9 bread rations
 X - 3 fruits


   Skills:
 + Level 16.1 Fighting
 * Level 19.8 Maces & Flails
 * Level 21.5 Armour
 + Level 16.3 Shields


You had 18 spell levels left.
You knew the following spells:

 Your Spells              Type           Power        Failure   Level  Hunger
a - Pain                  Necr           #...         75%         1    ##.....
b - Animate Skeleton      Necr           N/A          75%         1    ##.....


Dungeon Overview and Level Annotations

Branches:
Dungeon (15/15)            Temple (0/1) D:5            Lair (6/6) D:9
 Shoals (4/4) Lair:3       Spider (4/4) Lair:3        Slime (0/5) Lair:5
    Orc (2/2) D:9             Elf (3/3) Orc:2        Vaults (0/5) D:13
 Depths (0/5) D:15

Altars:
Fedhas
Hepliaklqana
Nemelex Xobeh
Okawaru
Ru
Trog
Vehumet
Beogh

Shops:
D:9 [=[[[   Orc:2 [(*?   Elf:1 (   Elf:2 ?   Elf:3 :   Shoals:2 :   Shoals:4 [

Annotations:
Shoals:3 exclusion: Roxanne, Roxanne


Innate Abilities, Weirdness & Mutations

You are resistant to torment.
Your stone body is resilient. (AC +15)
You are immune to poison.
Your large and strong wings let you fly indefinitely.
You resist negative energy. (rN+)
You are resistant to electric shocks. (rElec)
You can survive without breathing.
You are immune to petrification.
You are immune to rotting.
Your flesh is heat resistant. (rF+)
Your natural rate of healing is unusually fast.


Message History

a long sword of protection; an elf corpse The deep elf master archer shoots an arrow.
The arrow hits you!
* * * LOW HITPOINT WARNING * * *
The deep elf master archer shoots an arrow.
The arrow hits you.
* * * LOW HITPOINT WARNING * * *
You see here an arrow.
The deep elf master archer shoots an arrow.
The arrow hits you but does no damage.
The deep elf master archer shoots an arrow.
The arrow hits you!!
* * * LOW HITPOINT WARNING * * *
You see here 2 arrows.
You start resting.
You feel yourself speed up.
You feel agile all of a sudden.
The deep elf master archer shoots an arrow.
The arrow hits you!!
You die...

##.## #.# ##.#.## #.#
##.###.##########)# ##.##
##.#.........# ######### #.##
##......##).### #.......#
##.##
##.#.###...((..###.#####.#
##.###.##.#
###..(.#.##.#####.#
##.#.###.######e)###.......#.#
##.## #...)..@...#.##.###.#.#
#.# #########.#.###.###.#.##
##.## #.### #.#.......
##.#.### ##'## #.......##
#.###..# ##...## ###.#.####
##.#.#.# ##.....## #.#.## #
##.##.## ##.......## #.#..# #
###...####.........###....###
#.......).........'.........


You could see a deep elf master archer.

Vanquished Creatures
  Arachne (Spider:4)
  Rupert (D:14)
  A deep elf blademaster (Elf:3)
  Polyphemus (Shoals:2)
  A kraken (Shoals:2)
  Gastronok (Lair:2)
  Agnes (D:14)
  Frances (D:14)
  5 deep elf sorcerers (Elf:3)
  4 ghost moths
  An orc warlord (Bailey)
  A frost giant (Shoals:4)
  Aizul (Shoals:1)
  Louise (D:15)
  5 emperor scorpions
  A deep elf elementalist (Elf:3)
  8 entropy weavers
  2 deep elf demonologists
  A spark wasp (Spider:4)
  5 dire elephants (Lair:6)
  2 merfolk javelineers (Shoals:4)
  A deep elf death mage (Elf:3)
  Josephine (Spider:1)
  5 merfolk impalers (Shoals:4)
  A fire dragon (D:15)
  Erolcha (Orc:1)
  6 hydras
  3 merfolk aquamancers
  2 ice dragons (D:15)
  A catoblepas (Shoals:2)
  10 two-headed ogres
  An anaconda (Lair:6)
  3 centaur warriors
  A satyr (Shoals:3)
  A merfolk avatar (Shoals:2)
  3 ogre magi
  A queen ant (Spider:4)
  31 dancing weapons
  15 death yaks
  An orc high priest (Orc:1)
  18 deep elf knights
  The ghost of qqqbard the Cruncher, a novice MiGl of Okawaru (D:8)
  A fire crab (Lair:5)
  11 sea snakes
  2 unseen horrors
  9 deep elf archers
  3 skeletal warriors (D:12)
  2 deep trolls (Orc:2)
  2 lindwurms (Lair:2)
  16 harpies
  23 orb spiders
  53 deep elf magi
  A faun (Shoals:4)
  4 orc knights
  5 cyclopes
  27 wolf spiders
  9 ugly things
  16 manticores
  9 elephants
  3 moths of wrath
  4 centaur zombies
  5 merfolk sirens
  2 black mambas
  4 water nymphs
  2 torpor snails
  Joseph (D:10)
  3 gargoyles
  5 yaktaurs (D:13)
  11 spiny frogs
  13 demonic crawlers
  5 rime drakes
  An efreet (D:14)
  7 komodo dragons
  2 tengu conjurers (D:15)
  5 wind drakes
  The ghost of mandarbmax the Destroyer, a novice TeAE (D:4)
  A polar bear (Lair:6)
  25 merfolk
  Grinder (D:3)
  13 trolls
  46 jumping spiders
  6 hornets
  6 snapping turtles
  A harpy skeleton (D:15)
  A blink frog (Lair:2)
  3 dream sheep (Shoals:3)
  6 hippogriffs
  A spriggan (D:7)
  2 shadows
  A tarantella (shapeshifter) (D:14)
  2 basilisks
  3 wraiths (Spider:1)
  80 redbacks
  Sigmund (D:4)
  4 air elementals
  10 water elementals
  48 yaks
  26 tarantellas
  A hog (shapeshifter) (Elf:3)
  A wyvern (D:13)
  2 fire elementals
  2 vampire mosquitoes (D:12)
  A hungry ghost (D:14)
  A human (shapeshifter) (Elf:1)
  A warg (D:13)
  25 soldier ants (Spider:4)
  An acid dragon (D:11)
  11 water moccasins
  12 porcupines
  6 black bears
  21 ogres
  2 phantoms
  39 orc warriors
  3 sky beasts
  An ogre (shapeshifter) (Elf:3)
  The ghost of Potronius the Skirmisher, an amateur DsMo (D:3)
  2 ice beasts
  10 centaurs
  37 wolves
  15 crocodiles
  3 big kobolds
  19 bullfrogs
  3 earth elementals
  6 scorpions
  4 killer bees (D:7)
  3 wights (D:9)
  A howler monkey (D:6)
  8 electric eels
  8 crimson imps
  2 bullfrog zombies
  2 quasits
  2 bullfrog skeletons
  9 hounds
  6 jellies
  14 orc priests
  3 centaur skeletons
  Terence (D:3)
  Natasha (thrice) (D:3)
  3 iguanas
  19 orc wizards
  30 worker ants
  A hound zombie (D:9)
  A hound skeleton (D:4)
  A worker ant zombie (D:9)
  17 gnolls
  A howler monkey skeleton (D:7)
  10 adders
  A shadow imp (D:9)
  4 oozes (Lair:5)
  6 worms
  6 dart slugs
  4 leopard geckos
  89 orcs
  8 giant cockroaches
  21 goblins
  21 hobgoblins
  9 jackals
  18 kobolds
  5 quokkas
  7 bats
  6 frilled lizards
  A leopard gecko skeleton (D:4)
  A quokka skeleton (D:7)
  10 rats
  A crawling corpse (Elf:3)
  2 fungi
  4 plants
  5 tentacles
1310 creatures vanquished.

Vanquished Creatures (others)
  2 merfolk javelineers (Shoals:4)
  A centaur warrior (D:15)
  A deep elf mage (Elf:1)
  2 cyclopes
  A yaktaur (D:13)
  8 centaurs
  A bullfrog (D:14)
  A crawling corpse (Elf:3)
  21 fungi
  9 plants
  11 tentacles
  7 toadstools (Lair:2)
65 creatures vanquished.

Grand Total: 1375 creatures vanquished

Notes
Turn   | Place    | Note
-------+----------+-------------------------------------------
     0 | D:1      | swampboy the Gargoyle Fighter began the quest for the Orb.
     0 | D:1      | Reached XP level 1. HP: 14/14 MP: 1/1
   345 | D:1      | Reached XP level 2. HP: 19/19 MP: 2/2
   873 | D:1      | Reached XP level 3. HP: 23/23 MP: 3/3
  1239 | D:2      | Reached skill level 4 in Armour
  1276 | D:2      | Reached XP level 4. HP: 24/29 MP: 4/4
  1310 | D:2      | Found a radiant altar of Vehumet.
  1444 | D:2      | Found a blossoming altar of Fedhas.
  2049 | D:3      | Noticed Grinder
  2066 | D:3      | Paralysed by Grinder for 5 turns
  2073 | D:3      | Killed Grinder
  2073 | D:3      | Reached skill level 5 in Armour
  2073 | D:3      | Reached XP level 5. HP: 18/34 MP: 5/5
  2073 | D:3      | Reached XP level 6. HP: 21/39 MP: 6/6
  2215 | D:3      | Noticed Terence
  2226 | D:3      | Killed Terence
  2231 | D:3      | Found an iron altar of Okawaru.
  2260 | D:3      | Found a sparkling altar of Nemelex Xobeh.
  2308 | D:3      | Noticed Natasha
  2313 | D:3      | Killed Natasha
  2508 | D:3      | Noticed Potronius's ghost (amateur DsMo)
  2509 | D:3      | Noticed Natasha
  2533 | D:3      | Killed Potronius's ghost
  2533 | D:3      | Reached XP level 7. HP: 43/44 MP: 7/7
  2556 | D:3      | Killed Natasha
  2747 | D:3      | Noticed Natasha
  2767 | D:3      | Killed Natasha
  3128 | D:3      | Became a worshipper of Warmaster Okawaru
  3163 | D:4      | Reached skill level 6 in Armour
  3210 | D:4      | Noticed mandarbmax's ghost (novice TeAE)
  3238 | D:4      | Killed mandarbmax's ghost
  3238 | D:4      | Reached skill level 5 in Fighting
  3238 | D:4      | Reached skill level 5 in Shields
  3390 | D:4      | Reached * piety under Okawaru
  3390 | D:4      | Reached skill level 5 in Maces & Flails
  3392 | D:4      | Noticed Sigmund
  3405 | D:4      | Killed Sigmund
  3405 | D:4      | Reached XP level 8. HP: 41/49 MP: 8/8
  3995 | D:5      | Entered Level 5 of the Dungeon
  4031 | D:5      | Reached skill level 7 in Armour
  4221 | D:5      | Found a staircase to the Ecumenical Temple.
  5293 | D:6      | Reached ** piety under Okawaru
  5731 | D:6      | Found a bloodstained altar of Trog.
  5822 | D:7      | Noticed a hornet
  5844 | D:7      | Killed a hornet
  5844 | D:7      | Reached skill level 8 in Armour
  5844 | D:7      | Reached XP level 9. HP: 42/55 MP: 9/9
  6354 | D:7      | Noticed a hornet
  6371 | D:7      | Killed a hornet
  7043 | D:7      | Reached skill level 9 in Armour
  7116 | D:7      | Reached *** piety under Okawaru
  7181 | D:7      | Reached XP level 10. HP: 28/61 MP: 10/10
  7500 | D:7      | Reached **** piety under Okawaru
  8001 | D:8      | Reached skill level 10 in Armour
  8199 | D:8      | Noticed a two-headed ogre
  8218 | D:8      | Killed a two-headed ogre
  8432 | D:8      | Noticed qqqbard's ghost (novice MiGl)
  8496 | D:8      | Killed qqqbard's ghost
  8498 | D:8      | Reached ***** piety under Okawaru
  9183 | D:9      | Found Suenni's Antique Armour Shop.
  9343 | D:9      | Found Fynega's Antique Armour Shop.
  9404 | D:9      | Reached XP level 11. HP: 63/68 MP: 11/11
  9458 | D:9      | Reached skill level 11 in Armour
  9459 | D:9      | Found a staircase to the Lair.
  9660 | D:9      | Received a gift from Okawaru
  9737 | D:9      | Found a hazy altar of Hepliaklqana.
  9767 | D:9      | Found Fatar's Armour Shop.
  9774 | D:9      | Reached skill level 10 in Maces & Flails
  9878 | D:9      | Found Powogi's Jewellery Emporium.
 10145 | D:9      | Found Ocoufog's Armour Boutique.
 10395 | D:9      | Found a staircase to the Orcish Mines.
 10636 | Lair:1   | Entered Level 1 of the Lair of Beasts
 11222 | Lair:1   | Received a gift from Okawaru
 11227 | Lair:1   | Reached skill level 12 in Armour
 11234 | Lair:1   | Got a twisted longbow {god gift}
 11519 | Lair:2   | Noticed Gastronok
 11542 | Lair:2   | Killed Gastronok
 11542 | Lair:2   | Reached XP level 12. HP: 5/76 MP: 9/12
 11976 | Lair:2   | Found a runed door.
 12271 | Lair:2   | Received a gift from Okawaru
 13210 | Lair:2   | Reached skill level 13 in Armour
 13345 | Lair:2   | Reached ****** piety under Okawaru
 13345 | Lair:2   | Received a gift from Okawaru
 13812 | Lair:3   | Found a staircase to the Shoals.
 13880 | Lair:3   | Found a hole to the Spider Nest.
 13894 | Lair:3   | Reached skill level 10 in Fighting
 14458 | Lair:4   | Noticed a death yak
 14479 | Lair:4   | Killed a death yak
 14479 | Lair:4   | Reached skill level 10 in Shields
 14552 | Lair:4   | Noticed a death yak
 14553 | Lair:4   | Noticed a death yak
 14555 | Lair:4   | Noticed a death yak
 14574 | Lair:4   | Killed a death yak
 14576 | Lair:4   | Noticed a death yak
 14577 | Lair:4   | Noticed a death yak
 14844 | Lair:4   | Noticed an eight-headed hydra
 14853 | Lair:4   | Killed an eight-headed hydra
 14853 | Lair:4   | Reached XP level 13. HP: 80/82 MP: 13/13
 15243 | Lair:4   | Found a sacrificial altar of Ru.
 15468 | Lair:4   | Reached skill level 14 in Armour
 15496 | Lair:4   | Gained mutation: You are robust. (+10% HP) [potion of mutation]
 15496 | Lair:4   | Gained mutation: You are partially covered in slimy green scales. (AC +2) [potion of mutation]
 15496 | Lair:4   | Gained mutation: You have sharp fingernails. [potion of mutation]
 15740 | Lair:4   | Lost mutation: You are robust. (+10% HP) [potion of mutation]
 15740 | Lair:4   | Lost mutation: You have sharp fingernails. [potion of mutation]
 15740 | Lair:4   | Gained mutation: You are agile. (Dex +2) [potion of mutation]
 15741 | Lair:4   | Lost mutation: You are agile. (Dex +2) [potion of mutation]
 15741 | Lair:4   | Lost mutation: You are partially covered in slimy green scales. (AC +2) [potion of mutation]
 15741 | Lair:4   | Gained mutation: Your flesh is heat resistant. (rF+) [potion of mutation]
 15741 | Lair:4   | Gained mutation: Your natural rate of healing is unusually fast. [potion of mutation]
 15918 | Lair:4   | Received a gift from Okawaru
 16174 | Lair:5   | Found a staircase to the Slime Pits.
 16856 | Lair:5   | Got a scorched copper amulet
 16858 | Lair:5   | Identified the amulet of Beol {Reflect rElec SH+3} (You found it on level 5 of the Lair of Beasts)
 17079 | Lair:6   | Entered Level 6 of the Lair of Beasts
 17586 | Lair:6   | Gained mutation: Your large and strong wings let you fly indefinitely. [Gargoyle growth]
 17586 | Lair:6   | Reached XP level 14. HP: 90/90 MP: 14/14
 17603 | Lair:6   | Received a gift from Okawaru
 17603 | Lair:6   | Reached skill level 15 in Armour
 18040 | Lair:6   | Noticed a dire elephant
 18040 | Lair:6   | Noticed a dire elephant
 18064 | Lair:6   | Noticed a dire elephant
 18079 | Lair:6   | Killed a dire elephant
 18083 | Lair:6   | Killed a dire elephant
 18091 | Lair:6   | Noticed a dire elephant
 18248 | Lair:6   | Killed a dire elephant
 18408 | Lair:6   | Received a gift from Okawaru
 18483 | Lair:6   | Noticed a dire elephant
 18524 | Lair:6   | Killed a dire elephant
 18669 | Lair:6   | Killed a dire elephant
 19132 | Orc:1    | Entered Level 1 of the Orcish Mines
 19149 | Orc:1    | Found a flagged portal.
 19173 | Bailey   | Entered a bailey
 19457 | Bailey   | Noticed an orc warlord
 19524 | Bailey   | Killed an orc warlord
 19821 | Orc:1    | Received a gift from Okawaru
 19886 | Orc:1    | Got a polished morningstar {god gift}
 19887 | Orc:1    | Identified the +6 morningstar of Duty {flame, rElec rF- MR+++ SInv} (Okawaru gifted it to you on level 1 of the Orcish Mines)
 20078 | Orc:2    | Entered Level 2 of the Orcish Mines
 20611 | Orc:2    | Found a roughly hewn altar of Beogh.
 20726 | Orc:2    | Reached skill level 16 in Armour
 20859 | Orc:2    | Reached XP level 15. HP: 96/96 MP: 15/15
 20889 | Orc:2    | Found Xavviun's Magic Scroll Shoppe.
 20920 | Orc:2    | Found Givir's Assorted Antiques.
 20924 | Orc:2    | Found Owu Igu's Armour Shoppe.
 20926 | Orc:2    | Found Guicam's Weapon Emporium.
 21056 | Orc:2    | Found a staircase to the Elven Halls.
 21514 | Orc:1    | Noticed Erolcha
 21522 | Orc:1    | Killed Erolcha
 21885 | D:10     | Entered Level 10 of the Dungeon
 21899 | D:10     | Noticed Joseph
 21910 | D:10     | Killed Joseph
 21910 | D:10     | Received a gift from Okawaru
 22238 | D:10     | Reached skill level 15 in Maces & Flails
 22825 | D:11     | Reached XP level 16. HP: 103/103 MP: 16/16
 22826 | D:11     | Reached skill level 17 in Armour
 22826 | D:11     | Reached XP level 17. HP: 108/108 MP: 17/17
 24245 | D:13     | Found a gate to the Vaults.
 24293 | D:13     | Learned a level 1 spell: Pain
 24295 | D:13     | Learned a level 1 spell: Animate Skeleton
 24483 | D:14     | Noticed Rupert
 24506 | D:14     | Killed Rupert
 24597 | D:14     | Noticed Frances
 24611 | D:14     | Killed Frances
 24931 | D:14     | Noticed Agnes
 24949 | D:14     | Killed Agnes
 24949 | D:14     | Received a gift from Okawaru
 25070 | D:15     | Entered Level 15 of the Dungeon
 25596 | D:15     | Reached skill level 18 in Armour
 25676 | D:15     | Reached XP level 18. HP: 64/115 MP: 8/18
 25752 | D:15     | Found a staircase to the Depths.
 26048 | D:15     | Noticed Louise
 26064 | D:15     | Killed Louise
 26124 | D:15     | Identified a scroll of acquirement
 26514 | Spider:1 | Entered Level 1 of the Spider Nest
 26823 | Spider:1 | Noticed Josephine
 26829 | Spider:1 | Killed Josephine
 27761 | Spider:2 | Received a gift from Okawaru
 27890 | Spider:2 | Got a bone morningstar
 27891 | Spider:2 | Identified the cursed +1 morningstar of Taxation {crush, rC+ Dex-2 Stlth+} (You found it on level 2 of the Spider Nest)
 29309 | Spider:4 | Entered Level 4 of the Spider Nest
 29625 | Spider:4 | Reached skill level 19 in Armour
 29934 | Spider:4 | Reached XP level 19. HP: 104/121 MP: 0/19
 29939 | Spider:4 | Received a gift from Okawaru
 30144 | Spider:4 | Noticed Arachne
 30174 | Spider:4 | Killed Arachne
 30407 | Spider:4 | Got a gossamer rune of Zot
 31405 | Shoals:1 | Entered Level 1 of the Shoals
 31434 | Shoals:1 | Noticed Aizul
 31459 | Shoals:1 | Killed Aizul
 31523 | Shoals:1 | Reached skill level 15 in Shields
 31902 | Shoals:1 | Received a gift from Okawaru
 32521 | Shoals:2 | Found Cauvum's Book Shoppe.
 32723 | Shoals:2 | Reached skill level 20 in Armour
 32931 | Shoals:2 | Reached skill level 15 in Fighting
 32971 | Shoals:2 | Noticed Polyphemus
 33022 | Shoals:2 | Killed Polyphemus
 33394 | Shoals:3 | Reached XP level 20. HP: 88/129 MP: 20/20
 33628 | Shoals:3 | Noticed Roxanne
 33651 | Shoals:4 | Entered Level 4 of the Shoals
 34039 | Shoals:4 | Found Mahiomn's Antique Armour Emporium.
 34088 | Shoals:4 | Received a gift from Okawaru
 34270 | Shoals:4 | Got a barnacled rune of Zot
 34919 | Elf:1    | Entered Level 1 of the Elven Halls
 35233 | Elf:1    | Identified the Handbook of the Escort
 35365 | Elf:1    | Received a gift from Okawaru
 35366 | Elf:1    | Got a polished scarf {god gift}
 35377 | Elf:1    | Identified the scarf "Isinawki" {rC- Str+6} (Okawaru gifted it to you on level 1 of the Elven Halls)
 35708 | Elf:1    | Found Dicehow's Antique Weapon Shop.
 36089 | Elf:2    | Found Cupt's Magic Scroll Boutique.
 36413 | Elf:2    | Identified the Grimoire of Augmentations and Lightness
 36506 | Elf:2    | Found a runed gate.
 36506 | Elf:2    | Found a runed gate.
 36508 | Elf:2    | Found a runed gate.
 36521 | Elf:2    | Reached skill level 21 in Armour
 37308 | Elf:2    | Reached XP level 21. HP: 120/136 MP: 21/21
 37425 | Elf:2    | Received a gift from Okawaru
 37500 | Elf:3    | Entered Level 3 of the Elven Halls
 37525 | Elf:3    | Found Nooffad's Book Shoppe.
 37587 | Elf:3    | Got a twisted great sword
 37594 | Elf:3    | Identified the cursed +1 great sword "Ciestr Nyle" {flame, Str+3 SInv} (You found it on level 3 of the Elven Halls)
 39026 | Elf:3    | Shot with an arrow by a deep elf master archer

Vault maps used:
D:1:      dpeg_arrival_pits, moated_statue, minmay_pentomino_q2
D:2:      vehumet_crystals, old_standard_altar
D:3:      okawaru_ov_weapons_minmay, overflow_temple_1_default, serial_glass,
          glass_columns_c, glass_columns_c, glass_columns_a, glass_columns_c,
          glass_columns_a, uniq_terence, uniq_grinder, uniq_natasha
D:4:      kennysheep_big_flooded_room, uniq_sigmund
D:5:      minmay_temple_entry_mist, first_bread
D:6:      marbit_many_paths
D:7:      the_bakery
D:8:      serial_column_ruins, column_ruins_grid_1, column_ruins_open_medium,
          column_ruins_open_tiny, column_ruins_corridor_T,
          column_ruins_corridor_straight
D:9:      old_standard_altar, due_lair_maze_entry_diamond, erik_orc_2,
          serial_shops, nicolae_shop_crystal,
          nicolae_shop_competitors_out_of_business, shop, shop, kennysheep_mini
D:10:     uniq_joseph
D:12:     lemuel_ice_spiral_2
D:13:     hangedman_vaults_entry_quadrant_bands, serial_curves, eino_curves_02,
          eino_curves_04, eino_curves_03
D:14:     hangedman_decor_lopped, lemuel_old_faithful, uniq_agnes, uniq_frances,
          uniq_rupert
D:15:     grunt_enter_depths_hoard, hangedman_abyss_or_decor_stagger,
          uniq_louise
Lair:1:   grunt_forest_stairs_basic
Lair:2:   gammafunk_lair_enchanted_lake, serial_forest,
          infiniplex_forest_lined_ring, infiniplex_forest_lined_1,
          infiniplex_forest_lined_2, infiniplex_forest_3_way,
          infiniplex_forest_zigzag_2, infiniplex_forest_lined_room_3,
          infiniplex_forest_clump_diagonal, infiniplex_forest_lined_1,
          uniq_gastronok
Lair:3:   minmay_shoals_entry_lonely_mermaid, nicolae_spider_entry_non_spiders,
          serial_bayou_shore_b, serial_bayou_shore_b
Lair:4:   beast_lair_carwin_large_4, basic_altar, bh_autumn_forest_stairs
Lair:5:   nicolae_slime_entry_slimehenge
Lair:6:   due_jungle_book, minivault_27, grunt_forest_large_clearings,
          infiniplex_staircase_pool, serial_bayou_shore_b
Shoals:1: uniq_aizul
Shoals:2: serial_shops, nicolae_shop_stone, uniq_polyphemus
Shoals:3: uniq_roxanne
Shoals:4: shoals_end_grunt_ice, shoals_ilsuiw_alternative, serial_shops, shop
Spider:1: uniq_josephine
Spider:3: hangedman_spider_mandibles
Spider:4: johnstein_spider_rune_arachne_lair, zaba_anthell
Orc:1:    enter_bailey_7, uniq_erolcha
Orc:2:    st_orc_open, basic_altar
Elf:1:    minmay_elf_arrival_summoners, serial_shops, shop,
          minmay_elf_demonology
Elf:2:    serial_shops, shop, small_chamber_with_monster
Elf:3:    elf_hall, serial_shops, shop
Bailey:   bailey_axe_minmay_hex_keep, bailey

Skill      XL: |  1  2  3  4  5  6  7  8  9 10 11 12 13 14 15 16 17 18 19 20 |
---------------+-------------------------------------------------------------+-----
Armour         | 4 5 6 8 9 10 12 13 14 16 17 18 19 20 21 | 21.5
Maces & Flails | 3 4 5 6 8 9 11 12 13 14 15 16 17 18 19 | 19.8
Fighting       | 4 5 6 8 9 10 11 12 13 14 15 16 | 16.1
Shields        | 4 5 6 7 9 10 11 12 13 14 15 16 | 16.3

Action                   |  1- 3 |  4- 6 |  7- 9 | 10-12 | 13-15 | 16-18 | 19-21 || total
-------------------------+-------+-------+-------+-------+-------+-------+-------++-------
Melee: Flail             |   157 |   208 |   524 |  1003 |   961 |       |       ||  2853
       Morningstar       |       |       |       |       |   350 |  1194 |  1764 ||  3308
Invok: Heroism           |       |       |       |     5 |     6 |     3 |       ||    14
       Finesse           |       |       |       |       |     2 |       |       ||     2
  Use: Scroll            |     4 |     1 |     4 |     9 |    16 |    15 |    13 ||    62
       Potion            |       |     2 |     9 |    13 |     7 |     5 |     9 ||    45
 Stab: Distracted        |       |       |       |       |     1 |       |       ||     1
       Held in net/web   |       |       |       |       |       |     1 |       ||     1
       Petrified         |       |       |       |       |       |       |     2 ||     2
  Eat: Bread ration      |     1 |       |       |       |     4 |     5 |     1 ||    11
       Chunk             |       |     5 |    16 |    10 |     1 |     1 |     1 ||    34
       Royal jelly       |       |     1 |       |       |       |       |     3 ||     4
       Meat ration       |       |       |       |     2 |     3 |     2 |     3 ||    10
Armor: Scale mail        |    86 |   123 |   248 |       |       |       |       ||   457
       Plate armour      |       |       |    95 |   509 |   640 |   904 |  1211 ||  3359
Dodge: Dodged            |    65 |    61 |   208 |   176 |   277 |   347 |   439 ||  1573
       Deflected         |       |       |       |       |       |       |    30 ||    30
Block: Shield            |    95 |   101 |   366 |   792 |  1059 |  1148 |  1412 ||  4973
       Reflection        |       |       |       |     8 |     8 |    62 |    79 ||   157
       Other             |       |       |       |       |       |       |    11 ||    11
